 Dungeon Crawl Stone Soup version 0.31-a0-142-g31f6795574 (webtiles) character file.

Game seed: 9479552318726720635

31 hikkokomori the Digger (level 2, -5/22 HPs)
             Began as a Demigod Earth Elementalist on June 4, 2023.
             Slain by a goblin
             ... wielding a +0 dagger
             ... led by Robin
              (6 damage)
             ... on level 2 of the Dungeon.
             The game lasted 00:01:50 (1074 turns).

hikkokomori the Digger (Demigod Earth Elementalist) Turns: 1074, Time: 00:01:51

Health: -5/22      AC:  2    Str:  9    XL:     2   Next: 90%
Magic:  7/7        EV: 12    Int: 23    God:
Gold:   64         SH:  0    Dex: 14    Spells: 4/5 levels left

rFire   . . .        (no weapon)
rCold   . . .        (no shield)
rNeg    . . .        a - +0 robe
rPois   .            (no helmet)
rElec   .            (no cloak)
rCorr   .            (no gloves)
SInv    .            (no boots)
Will    .....        (no amulet)
Stlth   ++           d - +6 ring of intelligence
HPRegen 0.23/turn    (no ring)
MPRegen 0.10/turn

%: no passive effects
@: no status effects
A: high MP 1, forlorn, divine attributes
a: no special abilities


You were on level 2 of the Dungeon.
You visited 1 branch of the dungeon, and saw 2 of its levels.

You collected 64 gold pieces.

Inventory:

Armour
 a - a +0 robe (worn)
Jewellery
 d - a +6 ring of intelligence (left hand)
Scrolls
 c - a scroll of vulnerability {unknown}
 f - a scroll of identify {unknown}
 h - a scroll of torment {unknown}
 j - a scroll of fear {unknown}
Potions
 b - 2 potions of magic
 e - a potion of might {unknown}
 g - a potion of curing {unknown}
 i - a potion of invisibility {unknown}


   Skills:
 + Level 0.5 Fighting
 - Level 2.0 Dodging
 + Level 2.2 Stealth
 + Level 2.1 Spellcasting
 - Level 1.2 Transmutations
 + Level 3.0 Earth Magic


You had 4 spell levels left.
You knew the following spells:

 Your Spells              Type           Power      Damage    Failure   Level
a - Sandblast             Erth           32%        2d9       3%          1

Your spell library contained the following spells:

 Spells                   Type           Power      Damage    Failure   Level
 Passwall                 Tmut/Erth      10%        N/A       9%          2
 Stone Arrow              Conj/Erth      18%        3d8       21%         3
 Inner Flame              Hex/Fire       2%         N/A       36%         3
 Petrify                  Tmut/Erth      12%        N/A       47%         4
 Flame Wave               Conj/Fire      2%         2d4       77%         4
 Sticky Flame             Conj/Fire      2%         2d3       77%         4


Dungeon Overview and Level Annotations

Branches:
Dungeon (2/15)

Annotations:
D:2 Robin


Innate Abilities, Weirdness & Mutations

You have an increased reservoir of magic. (+10% MP)
You shall have no god before yourself.
Your divine heritage dramatically boosts your attributes as you level up.


Message History

The blast of sand misses the hobgoblin.
The hobgoblin barely misses you.
Casting: Sandblast (safe; 3% risk of failure)
Confirm with . or Enter, or press ? or * to list all spells.
Aiming: Sandblast (safe; 3% risk of failure)
Press: ? - help, Shift-Dir - straight line, f/p - hobgoblin
Aim: a hobgoblin (strong, 82% to hit)
The blast of sand hits the hobgoblin.
You kill the hobgoblin!
HP restored.
Magic restored.
Done exploring.
Done exploring.
(D) Dungeon
Where to? (Enter - D:3, ? - help)
What level of the Dungeon? (default 1, ? - help)
Things that are here:
a +0 dagger; a hobgoblin corpse; a goblin corpse
There is a stone staircase leading down here.
You climb downwards.
Level annotation: Robin The goblin misses you.
Robin says, "My army is invincible!"
Robin roars a battlecry!
The goblins go into a battle-frenzy!
The goblin barely misses you.
The goblin hits you with a +2 dagger of freezing.
The goblin freezes you. The goblin closely misses you.
The goblin hits you but does no damage.
There is a stone staircase leading up, spattered with blood here.
Unknown command.
The goblin hits you with a +0 dagger.
The goblin hits you with a +2 dagger of freezing.
The goblin freezes you.
* * * LOW HITPOINT WARNING * * *
Robin throws the goblin at you!
* * * LOW HITPOINT WARNING * * *
The goblin hits you with a +0 dagger.
* * * LOW HITPOINT WARNING * * *
The goblin barely misses you. The goblin hits you with a +0 dagger.
You die...

#.#......###..
.
#.........#..#
.##...........#
...).........#
#.......<.?.#
#.....†....###
#.$ggg†.......
##.g@g...)##
#...gg.....#
#..........#
#.....$g.g.#
#.........?...
#...........###
##.......$#...
.........###...
.......### ....


You could see Robin, a hobgoblin (strong) and 7 goblins.

Vanquished Creatures
  A dart slug (D:1)
  4 ball pythons
  A bat (D:1)
  2 endoplasms (D:1)
  5 goblins
  6 hobgoblins
  A quokka (D:1)
  3 frilled lizards
  A rat (D:1)
24 creatures vanquished.

Notes
Turn   | Place    | Note
-------+----------+-------------------------------------------
     0 | D:1      | hikkokomori the Demigod Earth Elementalist began the quest
                  | for the Orb.
     0 | D:1      | Reached XP level 1. HP: 14/14 MP: 5/5
   102 | D:1      | Reached skill level 1 in Transmutations
   330 | D:1      | Reached XP level 2. HP: 20/20 MP: 5/7
   978 | D:2      | Noticed Robin
   982 | D:2      | Reached skill level 3 in Earth Magic
  1074 | D:2      | HP: 1/22 [goblin/+0 dagger[Robin] (3)]
  1074 | D:2      | Slain by a goblin

Illustrated notes

Levels and vault maps discovered:
D:1:      dpeg_arrival_tiny_c, layout_loops_corners, columned_hall_lemuel,
          hex_medium, minmay_pentomino_t2
D:2:      layout_rooms, uniq_robin

Skill      XL: |  1  2 |
---------------+-------+-----
Transmutations | 1 |  1.2
Stealth        | 2 |  2.2
Dodging        | 2 |  2.0
Spellcasting   | 2 |  2.1
Earth Magic    | 3 |  3.0
Fighting       | |  0.5

Action                     || total
---------------------------++-------
   Cast: Sandblast         ||    32
 Armour: Robe              ||     3
  Dodge: Dodged            ||    20

Table legend: (Time is in decaauts)
 A = Elapsed time spent in this place.
 B = Non-inter-level travel time spent in this place.
 C = Inter-level travel time spent in this place.
 D = Time resting spent in this place.
 E = Time spent auto-exploring this place.
 F = Levels seen in this place.
 G = Mean time per level.
                   A        B        C        D        E       F      G
               +--------+--------+--------+--------+--------+-----+--------+
         Total |   1090 |   1063 |     27 |      0 |    941 |   2 |  545.0 |
       Dungeon |   1090 |   1063 |     27 |      0 |    941 |   2 |  545.0 |
               +--------+--------+--------+--------+--------+-----+--------+

Top non-repeatable levels by time:
     D:1: 1028 daAuts
     D:2: 62 daAuts
